 Dungeon Crawl Stone Soup version 0.26-a0-613-g4f23886233 (webtiles) character file.

Game seed: 1755710909544265998

1280 DogServant the Firebug (level 8, -4/45 HPs)
             Began as a Deep Elf Fire Elementalist on Sept 11, 2020.
             Was an Initiate of Vehumet.
             Slain by a hell rat (15 damage)
             ... on level 5 of the Dungeon.
             The game lasted 00:23:43 (8164 turns).

DogServant the Firebug (Deep Elf Fire Elementalist) Turns: 8164, Time: 00:23:43

Health: -4/45      AC:  4    Str:  5    XL:     8   Next: 29%
Magic:  17/20      EV: 13    Int: 23    God:    Vehumet [......]
Gold:   298        SH:  0    Dex: 15    Spells: 7/20 levels left

rFire    . . .     SeeInvis +   h - +1 dagger
rCold    + . .     Faith    .   (no shield)
rNeg     . . .     Spirit   .   v - +2 robe {rC+}
rPois    .         Reflect  .   i - +0 hat {SInv}
rElec    .         Harm     .   (no cloak)
rCorr    .                      (no gloves)
MR       .....                  (no boots)
Stlth    ++........             (no amulet)
HPRegen  0.15/turn              (no ring)
MPRegen  0.17/turn              (no ring)

@: lightly drained
A: no striking features
a: Renounce Religion


You were on level 5 of the Dungeon.
You worshipped Vehumet.
Vehumet was noncommittal.
You visited 2 branches of the dungeon, and saw 6 of its levels.

You collected 298 gold pieces.

Inventory:

Hand Weapons
 h - a +1 dagger (weapon)
Armour
 a - a +0 robe
 e - a +0 cloak
 f - a +2 cloak
 i - a +0 hat of see invisible (worn)
 v - a +2 robe of cold resistance (worn)
Jewellery
 c - a cursed amulet of inaccuracy {unknown}
Wands
 r - a wand of flame (15)
 u - a wand of iceblast (7)
Scrolls
 b - 2 scrolls of remove curse
 l - a scroll of enchant weapon
 o - a scroll of enchant armour {unknown}
 s - 2 scrolls of teleportation {unknown}
 w - a scroll of identify
Potions
 d - 2 potions of haste {unknown}
 g - a potion of flight {unknown}
 j - 7 potions of curing {unknown}
 k - 2 potions of degeneration {unknown}
 m - a potion of ambrosia {unknown}
 n - 2 potions of lignification {unknown}
 p - a potion of berserk rage {unknown}
 q - a potion of heal wounds {unknown}
 t - a potion of might {unknown}


   Skills:
 + Level 2.9(2.5) Fighting
 + Level 2.5(2.1) Dodging
 - Level 2.4(2.0) Stealth
 + Level 6.8(6.4) Spellcasting
 * Level 5.3(4.9) Conjurations
 + Level 7.0(6.6) Fire Magic
 + Level 2.6(2.2) Evocations


You had 7 spell levels left.
You knew the following spells:

 Your Spells              Type           Power        Failure   Level
a - Foxfire               Conj/Fire      ####         1%          1
b - Conjure Flame         Conj/Fire      ####....     2%          3
c - Sticky Flame          Conj/Fire      ####....     8%          4
d - Fireball              Conj/Fire      ####......   22%         5

Your spell library contained the following spells:

 Spells                   Type           Power        Failure   Level
 Inner Flame              Hex/Fire       ###.....     6%          3
 Beastly Appendage        Tmut           #.....       9%          1
 Wereblood                Tmut           #.......     12%         2
 Spider Form              Tmut/Pois      #.........   24%         3
 Ice Form                 Ice/Tmut       #.......     63%         4
 Blade Hands              Tmut           #.........   92%         5


Dungeon Overview and Level Annotations

Branches:
Dungeon (5/15)             Temple (1/1) D:4

Altars:
Ashenzari
Cheibriados
Dithmenos
Elyvilon
Fedhas
Gozag
Hepliaklqana
Makhleb
Qazlal
Ru
Sif Muna
Trog
Uskayaw
Vehumet
Wu Jian
Yredelemnul
Zin
The Shining One

Shops:
D:4 [

Annotations:
D:5 Edmund


Message History

The hell rat is heavily wounded.
The river rat misses you. The hell rat bites you!
You feel drained.
Casting: Foxfire (safe; 1% risk of failure)
Confirm with . or Enter, or press ? or * to list all spells.
You conjure some foxfire!
Your foxfire dissipates!
The river rat bites you.
* * * LOW HITPOINT WARNING * * *
The hell rat bites you.
* * * LOW HITPOINT WARNING * * *
Your foxfire dissipates!
The foxfire hits the hell rat but does no damage.
The hell rat is heavily wounded.
You see here a rat corpse.
The hell rat closely misses you.
You see here a rat corpse.
The hell rat closely misses you.
You see here a rat skeleton.
The hell rat bites you!
You die...

....##.# ##.##... .###.......
'#...'.# #.##..†.#..#........
.#####.# #.# #†r#.#..##....
..#..#.# #.## #r.#†.#..######
....##.########.#...r#..#.## #
######.......#.##....#..#.# ##
.......########.#...###.#.## #≈
.....### #.##[. ##r#..# #. ###.##
###@### #r##..# ##P ###.#
#.##r####r#...####P≈ ....#####
#..##.##.##.(.#...≈≈
###.....######...#r#.###...#.#.P≈
..#..............##.#.#......#.≈≈
#.#.....######.#..#####......###P
#.#.....# #...##..........# ##
#.#.....# #..####.###...#.####
#.####### #.......# #...#.....


You could see a hell rat and a river rat.

Vanquished Creatures
  Sigmund (D:4)
  A sky beast (D:5)
  A hornet zombie (D:5)
  A phantom (D:4)
  Blork the orc (D:4)
  A howler monkey (D:4)
  6 hounds
  An orc priest (D:3)
  4 orc wizards
  Ijyb (D:4)
  A hell rat (D:5)
  4 worker ants
  A hound skeleton (D:4)
  10 adders
  2 river rats (D:5)
  3 white imps (D:5)
  3 oozes
  An adder skeleton (D:5)
  4 worms
  5 dart slugs
  3 leopard geckos
  15 orcs
  7 giant cockroaches
  5 goblins
  5 hobgoblins
  A quokka (D:4)
  3 ball pythons
  9 bats
  8 frilled lizards
  A giant cockroach zombie (D:5)
  12 kobolds
  A leopard gecko zombie (D:5)
  A quokka skeleton (D:3)
  19 rats
142 creatures vanquished.

Vanquished Creatures (others)
  655 foxfires
  19 plants (D:5)
674 creatures vanquished.

Grand Total: 816 creatures vanquished

Notes
Turn   | Place    | Note
-------+----------+-------------------------------------------
     0 | D:1      | DogServant the Deep Elf Fire Elementalist began the quest
                  | for the Orb.
     0 | D:1      | Reached XP level 1. HP: 10/10 MP: 6/6
   322 | D:1      | Reached XP level 2. HP: 15/15 MP: 5/8
   869 | D:2      | Reached skill level 4 in Fire Magic
  1002 | D:2      | Reached XP level 3. HP: 8/19 MP: 3/10
  1274 | D:2      | Found a shattered altar of Ashenzari.
  1863 | D:2      | Found an ornate altar of the Wu Jian Council.
  2210 | D:2      | Reached XP level 4. HP: 24/24 MP: 8/11
  2631 | D:3      | Reached skill level 5 in Fire Magic
  3051 | D:3      | Reached XP level 5. HP: 28/28 MP: 7/13
  3285 | D:3      | Found a stormy altar of Qazlal.
  3791 | D:3      | Learned a level 3 spell: Conjure Flame
  3796 | D:3      | Learned a level 4 spell: Sticky Flame
  3954 | D:3      | Found a white marble altar of Elyvilon.
  4213 | D:3      | Reached XP level 6. HP: 32/32 MP: 9/15
  4375 | D:4      | Noticed Blork the orc
  4383 | D:4      | Killed Blork the orc
  4383 | D:4      | Reached skill level 5 in Spellcasting
  4580 | D:4      | Reached skill level 1 in Fighting
  4580 | D:4      | Reached skill level 6 in Fire Magic
  4803 | D:4      | Found a burning altar of Makhleb.
  4803 | D:4      | Noticed a blizzard demon
  4900 | D:4      | Reached XP level 7. HP: 38/38 MP: 11/17
  4952 | D:4      | Noticed Ijyb
  4961 | D:4      | Killed Ijyb
  5439 | D:4      | Found Viewatri's Antique Armour Emporium.
  5453 | D:4      | Learned a level 5 spell: Fireball
  5455 | D:4      | Found a shadowy altar of Dithmenos.
  5685 | D:4      | Noticed Sigmund
  5717 | D:4      | Killed Sigmund
  5717 | D:4      | Reached skill level 1 in Evocations
  5974 | D:4      | Found a staircase to the Ecumenical Temple.
  6241 | Temple   | Entered the Ecumenical Temple
  6275 | Temple   | Became a worshipper of Vehumet
  6372 | D:5      | Entered Level 5 of the Dungeon
  6697 | D:5      | Reached XP level 8. HP: 45/45 MP: 11/19
  6816 | D:5      | Reached skill level 5 in Conjurations
  7194 | D:5      | Reached skill level 7 in Fire Magic
  7558 | D:5      | Noticed Edmund
  8145 | D:5      | Found the +2 ratskin cloak {*Rats rPois rN+ Str-1 Int-1
                  | Dex+1}
  8164 | D:5      | Slain by a hell rat

Illustrated notes

Levels and vault maps discovered:
D:1:      ncdulo_watergridlock, layout_rooms
D:2:      layout_basic, old_standard_altar, old_standard_altar,
          minmay_pentomino_x4
D:3:      layout_loops_ring, nicolae_overflow_crystal_walls,
          minmay_crystal_room, st_stairs_7, nicolae_qazlal_general_emergency
D:4:      layout_loops_cross, makhleb_altar_promises_db,
          minmay_temple_entry_antechambers, serial_shops, shop,
          nicolae_dithmenos_shadow_blocks, uniq_sigmund, uniq_ijyb,
          uniq_blork_the_orc
D:5:      wander_guarded_unrand_ratskin, layout_loops_cross, serial_bayou,
          serial_bayou_pond_b, serial_bayou_pond_c, serial_bayou_shore_b,
          serial_bayou_shore_b, minmay_pentangle, uniq_edmund
Temple:   nicolae_temple_great_sept

Skill      XL: |  1  2  3  4  5  6  7  8 |
---------------+-------------------------+-----
Fire Magic     | 4 5 6 7 |  7.0
Conjurations   | 2 3 4 5 |  5.3
Spellcasting   | 4 5 6 |  6.8
Fighting       | 1 2 |  2.9
Evocations     | 2 |  2.6
Dodging        | |  2.5
Stealth        | |  2.4

Action                   |  1- 3 |  4- 6 |  7- 9 || total
-------------------------+-------+-------+-------++-------
Melee: Dagger            |     1 |     3 |     6 ||    10
 Cast: Foxfire           |   111 |   162 |   214 ||   487
       Conjure Flame     |       |     1 |     3 ||     4
       Sticky Flame      |       |     1 |       ||     1
Evoke: Wand              |       |       |     5 ||     5
  Use: Scroll            |     2 |     1 |     5 ||     8
 Stab: Sleeping          |       |       |     1 ||     1
Armor: Robe              |     6 |     4 |     7 ||    17
Dodge: Dodged            |    17 |    31 |    42 ||    90

Table legend: (Time is in decaauts)
 A = Elapsed time spent in this place.
 B = Non-inter-level travel time spent in this place.
 C = Inter-level travel time spent in this place.
 D = Time resting spent in this place.
 E = Time spent auto-exploring this place.
 F = Levels seen in this place.
 G = Mean time per level.
                   A        B        C        D        E       F      G
               +--------+--------+--------+--------+--------+-----+--------+
         Total |   8179 |   8001 |    178 |   2157 |   4761 |   6 | 1363.2 |
       Dungeon |   8080 |   7908 |    172 |   2157 |   4687 |   5 | 1616.0 |
        Temple |     98 |     93 |      5 |      0 |     74 |   1 |   98.0 |
               +--------+--------+--------+--------+--------+-----+--------+

Top non-repeatable levels by time:
     D:4: 1983 daAuts
     D:3: 1903 daAuts
     D:2: 1782 daAuts
     D:5: 1577 daAuts
     D:1: 834 daAuts
  Temple: 98 daAuts
